 Dungeon Crawl Stone Soup version 0.30.1-11-g7821555f0a (webtiles) character file.

Game seed: 14271518128076421919

487 ElSolo the Grave Robber (level 6, 0/33 HPs)
             Began as a Vampire Necromancer on Jan 6, 2024.
             Was an Initiate of Nemelex Xobeh.
             Slain by a wyvern (4 damage)
             ... on level 4 of the Dungeon.
             The game lasted 00:29:04 (3016 turns).

ElSolo the Grave Robber (Vampire Necromancer)       Turns: 3016, Time: 00:29:05

Health: 0/33       AC:  4    Str: 10    XL:     6   Next: 89%
Magic:  16/21      EV: 12    Int: 19    God:    Nemelex Xobeh [......]
Gold:   175        SH:  0    Dex: 21    Spells: 10/13 levels left

rFire   . . .        x - staff of air "Ecvuz" {rElec rC+ Str+3 Stlth+}
rCold   + + +        (no shield)
rNeg    + + +        j - +0 leather armour
rPois   ∞            (no helmet)
rElec   +            u - +0 cloak
rCorr   .            (no gloves)
SInv    +            (no boots)
Will    .....        (no amulet)
Stlth   ++++++       n - +6 ring of dexterity
HPRegen 0.00/turn    o - ring of magical power
MPRegen 0.17/turn

%: no passive effects
@: bloodless, inhibited regen
A: bloodless, fangs 3, see invisible, vampiric 2
a: Bat Form, Revivify, Renounce Religion, Draw Escape, Draw Destruction, Draw
Summoning


You were on level 4 of the Dungeon.
You worshipped Nemelex Xobeh.
Nemelex Xobeh was noncommittal.
You visited 1 branch of the dungeon, and saw 4 of its levels.

You collected 175 gold pieces.

Inventory:

Hand Weapons
 r - a +2 heavy hand axe
 t - a +3 quarterstaff of chaos
 y - a +0 whip of draining
Missiles
 w - a throwing net
Armour
 a - a +0 robe
 j - a +0 leather armour (worn)
 l - a +0 ring mail
 u - a +0 cloak (worn)
Magical Staves
 x - the staff of air "Ecvuz" (weapon) {rElec rC+ Str+3 Stlth+}
   (You found it on level 3 of the Dungeon)

   [staff of air]

   Base accuracy: +5 Base damage: 5 Base attack delay: 1.2 This weapon's minimum
   attack delay (0.6) is reached at skill level 12.
   Str:       It affects your strength (+3).
   rC:        It protects you from cold.
   rElec:     It insulates you from electricity.
   Stlth:     It makes you more stealthy.
   It falls into the 'Staves' category.
   It is a one-handed weapon.
Jewellery
 n - a +6 ring of dexterity (left hand)
 o - a ring of magical power (right hand)
 A - a ring of protection from fire
Scrolls
 c - 4 scrolls of fog {unknown}
 d - 3 scrolls of enchant armour {unknown}
 f - a scroll of identify {unknown}
 m - a scroll of blinking {unknown}
 p - a scroll of silence {unknown}
 q - 2 scrolls of immolation {unknown}
 v - a scroll of vulnerability {unknown}
 z - 2 scrolls of teleportation {unknown}
 B - a scroll of fear {unknown}
Potions
 b - a potion of magic
 g - 2 potions of curing
 h - 4 potions of berserk rage {unknown}
 i - 2 potions of attraction {unknown}
 k - a potion of ambrosia {unknown}
 s - a potion of flight {unknown}


   Skills:
 + Level 0.4 Fighting
 + Level 0.5 Short Blades
 + Level 0.4 Axes
 + Level 0.7 Staves
 + Level 1.7 Armour
 + Level 2.6 Dodging
 + Level 3.3 Stealth
 + Level 4.1 Spellcasting
 + Level 6.7 Necromancy


You had 10 spell levels left.
You knew the following spells:

 Your Spells              Type           Power      Damage    Failure   Level
a - Necrotise             Necr           100%       1d9       1%          1
b - Call Imp              Summ           8%         N/A       26%         2

Your spell library contained the following spells:

 Spells                   Type           Power      Damage    Failure   Level
 Vampiric Draining        Necr           29%        2d8       3%          3
 Animate Dead             Necr           29%        N/A       11%         4
 Freeze                   Ice            12%        1d3       19%         1
 Magic Dart               Conj           12%        1d3       19%         1
 Shock                    Conj/Air       20%        1d4       19%         1
 Agony                    Necr           29%        N/A       30%         5
 Frozen Ramparts          Ice            6%         1d1       47%         3
 Hailstorm                Conj/Ice       3%         3d3       47%         3
 Inner Flame              Hex/Fire       3%         N/A       47%         3
 Mephitic Cloud           Conj/Pois/Air  5%         N/A       47%         3
 Summon Guardian Golem    Hex/Summ       4%         N/A       47%         3
 Swiftness                Air            5%         N/A       47%         3
 Airstrike                Air            2%         2d(1-17)  87%         4
 Yara's Violent Unravell  Hex/Tmut       1%         3d3       99%         5
 Enfeeble                 Hex            1%         N/A       100%        7
 Orb of Destruction       Conj           1%         9d5       100%        7
 Spellforged Servitor     Conj/Summ      2%         N/A       100%        7


Dungeon Overview and Level Annotations

Branches:
Dungeon (4/15)
 Temple: D:4-7

Altars:
Cheibriados
Nemelex Xobeh
Ru


Innate Abilities, Weirdness & Mutations

You do not regenerate when monsters are visible.
You are frail without blood (-20% HP).
You can heal yourself when you bite living creatures.
You are immune to poison.
You have razor-sharp teeth.
You have supernaturally acute eyesight. (SInv)
You are afflicted with vampirism and can become a bat while bloodless.


Message History

Press: ? - help, Q - select action, (/) - cycle Shift-Dir - straight line, f - you
Okay, then.
Aiming: Necrotise (safe; 1% risk of failure)
Press: ? - help, Q - select action, (/) - cycle Shift-Dir - straight line, f - wyvern
Aim: a wyvern (asleep, chance to affect: 83%)
The wyvern hisses angrily.
The wyvern writhes in agony.
Aiming: Necrotise (safe; 1% risk of failure)
Press: ? - help, Q - select action, (/) - cycle Shift-Dir - straight line, f/p - wyvern
Aim: a wyvern (lightly wounded, chance to affect: 83%)
The wyvern writhes in agony.
Aiming: Necrotise (safe; 1% risk of failure)
Press: ? - help, Q - select action, (/) - cycle Shift-Dir - straight line, f/p - wyvern
Aim: a wyvern (moderately wounded, chance to affect: 83%)
The wyvern writhes in agony.
Casting: Necrotise (safe; 1% risk of failure)
Confirm with . or Enter, or press ? or * to list all spells.
Aiming: Necrotise (safe; 1% risk of failure)
Press: ? - help, Shift-Dir - straight line, f/p - wyvern
Aim: a wyvern (heavily wounded, chance to affect: 83%)
The wyvern writhes in agony.
The wyvern closely misses you.
The wyvern bites you but does no damage.
Casting: Necrotise (safe; 1% risk of failure)
Confirm with . or Enter, or press ? or * to list all spells.
Aiming: Necrotise (safe; 1% risk of failure)
Press: ? - help, Shift-Dir - straight line, f/p - wyvern
Aim: a wyvern (heavily wounded, chance to affect: 83%)
The wyvern writhes in agony.
The wyvern bites you!
Casting: Necrotise (safe; 1% risk of failure)
Confirm with . or Enter, or press ? or * to list all spells.
Aiming: Necrotise (safe; 1% risk of failure)
Press: ? - help, Shift-Dir - straight line, f/p - wyvern
Aim: a wyvern (heavily wounded, chance to affect: 83%)
The wyvern writhes in agony.
The wyvern bites you. The wyvern bites you!
* * * LOW HITPOINT WARNING * * *
You hit the wyvern but do no damage.
The wyvern is heavily wounded.
The wyvern bites you.
You die...
Your body disappears without a glow.

.....##.#....#
##########g
.....##...#..#
..........#..#
###.......#..##########
###....................
................###
###....###...##...####..
#....# #...###.......# #
#....# ##### #@..!...# #
#....# #l.......
######## #......?# ...#
#.$.....# ...# #.....?.#
...# ##<.....# ...#
##....# ...# ###.# ...#


You could see a wyvern.

Vanquished Creatures
  Grinder (D:3)
  A scorpion (D:4)
  Crazy Yiuf (D:2)
  Jessica (D:2)
  Natasha (twice) (D:2)
  2 gnolls (D:3)
  2 adders
  2 dart slugs (D:1)
  An orc (D:4)
  6 bats
  5 endoplasms
  3 giant cockroaches
  10 goblins
  11 hobgoblins
  2 jackals (D:3)
  A quokka (D:4)
  3 ball pythons
  A frilled lizard (D:1)
  12 kobolds
  3 rats
70 creatures vanquished.

Vanquished Creatures (collateral kills)
  A gnoll (D:3)
  A bat (D:1)
  An endoplasm (D:1)
3 creatures vanquished.

Grand Total: 73 creatures vanquished

Notes
Turn   | Place    | Note
-------+----------+-------------------------------------------
     0 | D:1      | ElSolo the Vampire Necromancer began the quest for the Orb.
     0 | D:1      | Reached XP level 1. HP: 13/13 MP: 3/3
   144 | D:1      | Reached XP level 2. HP: 17/19 MP: 1/5
   226 | D:1      | Reached skill level 5 in Necromancy
   494 | D:1      | Learned a level 2 spell: Call Imp
  1192 | D:2      | Gained mutation: You are afflicted with vampirism and can
                  | become a bat while bloodless. [Vampire growth]
  1192 | D:2      | Reached XP level 3. HP: 24/24 MP: 2/6
  1664 | D:2      | Noticed Natasha
  1671 | D:2      | Killed Natasha
  1732 | D:2      | Found a faded altar of an unknown god.
  1746 | D:2      | Prayed at the altar of an unknown god.
  1746 | D:2      | Became a worshipper of Ru the Awakened
  1849 | D:2      | Reached XP level 4. HP: 24/24 MP: 8/8
  1849 | D:2      | Noticed Jessica
  1858 | D:2      | Killed Jessica
  1937 | D:2      | Noticed Natasha
  1950 | D:2      | Killed Natasha
  2044 | D:2      | Found a runed translucent door.
  2045 | D:2      | Noticed Crazy Yiuf
  2052 | D:2      | Killed Crazy Yiuf
  2053 | D:2      | Reached skill level 6 in Necromancy
  2053 | D:2      | Reached XP level 5. HP: 28/28 MP: 9/9
  2205 | D:3      | Noticed Grinder
  2213 | D:3      | Paralysed by Grinder for 2 turns
  2229 | D:3      | Killed Grinder
  2230 | D:3      | Reached skill level 1 in Armour
  2230 | D:3      | Reached XP level 6. HP: 24/33 MP: 11/11
  2316 | D:3      | Identified the staff of air "Ecvuz" {rElec rC+ Str+3
                  | Stlth+}
  2363 | D:3      | Found a sparkling altar of Nemelex Xobeh.
  2612 | D:3      | Found a snail-covered altar of Cheibriados.
  2629 | D:3      | Fell from the grace of Ru
  2629 | D:3      | Became a worshipper of Nemelex Xobeh the Trickster
  3006 | D:4      | Noticed a wyvern
  3016 | D:4      | Slain by a wyvern

Illustrated notes

Levels and vault maps discovered:
D:1:      dpeg_arrival_simpleton_a, layout_loops_ring,
          hangedman_decor_clover_reticule, chequers_serial_rivers_small_b,
          minmay_misc_feat_rugged
D:2:      layout_basic, chequers_ecumenical_altar_island,
          uniq_crazy_yiuf_cottage, uniq_jessica, uniq_natasha
D:3:      layout_rooms, mainiacjoe_overflow_big_doors, uniq_grinder
D:4:      layout_basic, tso_altar, minmay_goblin_outpost

Skill      XL: |  1  2  3  4  5  6 |
---------------+-------------------+-----
Necromancy     | 5 6 |  6.7
Spellcasting   | 3 4 |  4.1
Armour         | 1 |  1.7
Fighting       | |  0.4
Short Blades   | |  0.5
Axes           | |  0.4
Staves         | |  0.7
Dodging        | |  2.6
Stealth        | |  3.3

Action                     |  1- 3 |  4- 6 || total
---------------------------+-------+-------++-------
  Melee: Short sword       |    27 |       ||    27
         Bite              |     3 |    10 ||    13
         Hand axe          |     2 |     8 ||    10
         Quarterstaff      |       |    19 ||    19
         Staff             |       |    16 ||    16
   Cast: Necrotise         |    52 |    73 ||   125
         Call Imp          |     1 |       ||     1
Ability: Exsanguinate      |     1 |       ||     1
    Use: Potion            |       |     1 ||     1
 Armour: Robe              |     9 |       ||     9
         Leather armour    |     1 |    17 ||    18
  Dodge: Dodged            |    15 |    36 ||    51
